Map: Sueño eterno EJ

Players

Avsoy

  • Race: Zerg Zerg
  • League: Platinum
  • Spawn Location: 1:00

Leavage - Winner!

  • Race: Terran Terran
  • League: Platinum
  • Spawn Location: 7:00

VOD

Have the link to the VOD?

Description

Time

  • Played on: Aug. 23, 2020, 7:44 p.m.
  • Length: 5:29
Show
View Real Time Build Order
Export as new Build Order

Avsoy Zerg 

Build Orders: Hatch First 

Get SALT Encoding   

  12  0:01  Drone  
  13  0:13  Overlord  
  13  0:16  Drone  
  14  0:31  Drone x2  
  16  0:49  Hatchery  
  15  0:53  Drone  
  16  0:58  Drone  
  16  1:00  Drone  
  18  1:14  Extractor  
  18  1:16  Spawning Pool  
  16  1:19  Drone  
  16  1:22  Drone  
  18  1:28  Drone  
  19  1:44  Overlord  
  19  1:52  Drone  
  20  2:02  Queen  
  20  2:03  Queen, Zergling x2  
  20  2:04  Zergling x2  
  26  2:12  Drone x2  
  28  2:16  Metabolic Boost  
  28  2:23  Drone x2  
  30  2:33  Overlord  
  30  2:35  Drone  
  31  2:47  Drone  
  31  2:48  Drone  
  33  2:56  Drone x2  
  34  2:58  Queen  
  34  2:59  Queen  
  38  3:08  Drone x2  
  38  3:11  Drone x3  
  38  3:12  Drone  
  44  3:15  Overlord  
  44  3:24  Hatchery  
  43  3:27  Drone  
  43  3:33  Overlord  
  44  3:35  Drone x3  
  47  3:45  Roach Warren  
  47  3:48  Zergling x6  
  47  3:51  Baneling Nest  
  47  3:55  Zergling x4  
  49  4:01  Zergling x4  
  51  4:05  Extractor  
  51  4:07  Zergling x2  
  52  4:10  Zergling x8  
  52  4:11  Queen  
  52  4:16  Zergling x6  
  60  4:26  Overlord x2  
  60  4:36  Zergling x4  
  60  4:37  Zergling x2  
  60  4:42  Zergling x6  
  60  4:43  Queen  
  60  4:44  Drone  
  64  4:47  Drone x4  
  64  4:48  Drone  
  69  4:57  Drone x2  
  69  4:59  Drone  
  63  5:02  Spore Crawler  
  63  5:04  Spore Crawler  
  58  5:08  Drone x2  
  58  5:11  Drone  
  58  5:12  Drone x3  
Show
View Real Time Build Order
Export as new Build Order

Leavage Terran - Winner!

Build Orders: Reaper Expand, Hellion Banshee 

Get SALT Encoding   

  12  0:01  SCV  
  13  0:13  SCV  
  14  0:17  Supply Depot  
  14  0:26  SCV  
  15  0:39  Barracks, SCV  
  16  0:47  Refinery  
  16  0:51  SCV  
  17  1:03  SCV  
  18  1:15  SCV  
  19  1:28  Orbital Command  
  19  1:30  Reaper  
  20  1:38  Command Center  
  20  1:46  Supply Depot  
  20  1:55  SCV  
  21  2:03  Marine  
  22  2:11  SCV  
  22  2:12  Factory  
  23  2:18  Refinery  
  23  2:23  SCV  
  24  2:32  Barracks Reactor  
  24  2:35  SCV  
  25  2:47  SCV  
  26  2:59  Orbital Command, SCV  
  26  3:01  Bunker  
  26  3:05  Starport  
  26  3:14  SCV  
  26  3:19  Hellion x2  
  31  3:26  SCV  
  32  3:30  SCV, Supply Depot  
  32  3:38  SCV  
  33  3:42  Hellion x2  
  33  3:43  Starport Tech Lab  
  33  3:47  SCV  
  38  3:50  Marine, SCV  
  40  3:59  SCV, Supply Depot  
  40  4:02  Banshee  
  44  4:03  Hellion x2, Cloaking Field  
  44  4:05  SCV  
  49  4:10  Barracks Tech Lab  
  49  4:13  SCV  
  49  4:14  Armory  
  50  4:24  SCV, Hellion, Supply Depot  
  51  4:25  Hellion  
  51  4:30  Supply Depot  
  55  4:33  SCV  
  55  4:36  SCV  
  57  4:45  Banshee  
  60  5:12  SCV  
  60  5:13  SCV  
  62  5:23  Command Center  
Tags
 
Add a new tag
Caveats
  • Supply blocks, unpowered buildings, or Contaminate may cause inaccurate times.
  • Supply counts are checked every 10 seconds.